 Dungeon Crawl Stone Soup version 0.23-a0-704-g7fdf9c5 (webtiles) character file.

23438 Lanoc the Carver (level 12, -2/97 HPs)
             Began as a Demonspawn Berserker on Jan 14, 2019.
             Was a High Priest of Trog.
             Killed by divine providence
             ... invoked by a meliai
              (15 damage)
             ... on level 14 of the Dungeon.
             The game lasted 00:28:20 (9445 turns).

Lanoc the Carver (Demonspawn Berserker)             Turns: 9445, Time: 00:28:22

Health: -2/97      AC: 16    Str: 25    XL:     12   Next: 71%
Magic:  12/12      EV: 16    Int: 10    God:    Trog [*****.]
Gold:   872        SH:  4    Dex: 13    Spells: 11/11 levels left

rFire    . . .     SeeInvis .   y - +9 rapier "Spider's Funeral" {pierce, +Blink rN+ Str+4}
rCold    . . .     Gourm    .   (no shield)
rNeg     + + .     Faith    .   q - +4 ring mail {rPois}
rPois    +         Spirit   .   (helmet unavailable)
rElec    .         Reflect  .   a - +1 cloak
rCorr    .         Harm     .   (no gloves)
MR       ++...                  N - +2 pair of boots {Stlth+}
Stlth    ++........             u - amulet of regeneration
HPRegen  1.66/turn              r - ring of poison resistance
MPRegen  0.13/turn              K - ring of positive energy

@: regenerating
A: horns 3, large bone plates 1, demonic guardian 2, powered by pain 2
a: Berserk, Trog's Hand, Brothers in Arms, Renounce Religion, Evoke Blink


You were on level 14 of the Dungeon.
You worshipped Trog.
Trog was extremely pleased with you.
You were not hungry.

You visited 2 branches of the dungeon, and saw 15 of its levels.

You collected 872 gold pieces.

Inventory:

Hand Weapons
 b - a +5 scimitar of freezing
 y - the +9 rapier "Spider's Funeral" (weapon) {pierce, +Blink rN+ Str+4}
   (You found it on level 5 of the Dungeon)

   It inflicts extra damage upon your enemies.
   It affects your strength (+4).
   It protects you from negative energy.
   It lets you blink.
Missiles
 w - 2 throwing nets (quivered)
Armour
 a - a +1 cloak (worn)
 q - a +4 ring mail of poison resistance (worn)
 N - a +2 pair of boots of stealth (worn)
Jewellery
 r - a ring of poison resistance (left hand)
 u - an amulet of regeneration (around neck)
 H - an uncursed ring of see invisible
 J - a cursed amulet of inaccuracy {unknown}
 K - a ring of positive energy (right hand)
Wands
 n - a wand of polymorph (9)
 p - a wand of digging (6)
 x - a wand of paralysis (11)
 A - a wand of acid (16)
 B - a wand of disintegration (10)
 D - a wand of random effects (49)
 F - a wand of clouds (8)
 I - a wand of iceblast (25)
Scrolls
 e - a scroll of fear
 f - a scroll of fog
 i - 3 scrolls of enchant weapon
 j - 8 scrolls of remove curse
 l - 11 scrolls of teleportation
 m - 4 scrolls of blinking
 C - a scroll of magic mapping
Potions
 d - 5 potions of heal wounds
 g - a potion of cancellation
 h - 4 potions of agility
 k - 3 potions of mutation
 o - a potion of haste
 s - 12 potions of curing
 t - a potion of brilliance {unknown}
 v - 3 potions of flight
 z - 3 potions of lignification {unknown}
 E - 2 potions of ambrosia
 G - a potion of invisibility
Miscellaneous
 M - a phial of floods
Comestibles
 c - 24 rations


   Skills:
 + Level 10.2 Fighting
 * Level 12.6 Long Blades
 + Level 9.2 Armour
 + Level 9.2 Dodging


You had 11 spell levels left.
You didn't know any spells.
Your spell library was empty.

Dungeon Overview and Level Annotations

Branches:
Dungeon (14/15)            Temple (1/1) D:7            Lair (0/6) D:8
    Orc (0/2) D:12         Vaults (0/5) D:14

Altars:
Cheibriados
Elyvilon
Gozag
Qazlal
Sif Muna
Xom

Portals:
Trove: D:12 (give horn of Geryon)

Annotations:
D:11 2 transporters, zkyp's ghost, journeyman FoAK
D:12 trove horn of Geryon


Innate Abilities, Weirdness & Mutations

You have a pair of large horns on your head.
You are partially covered in large bone plates. (SH +4)
A demonic guardian rushes to your aid.
You sometimes gain power by taking damage.


Message History

Your skin crawls.
You feel resistant to hostile enchantments.
You feel somewhat more hungry.
The meliai invokes the aid of its god against you.
Something smites you!
A meliai comes into view. It is wielding a +0 war axe.
You puncture the meliai!
The meliai is moderately wounded.
The meliai hits you but does no damage. The meliai completely misses you.
The meliai mumbles some strange prayers to its god against you.
Something smites you!
* * * LOW HITPOINT WARNING * * *
You puncture the meliai!
The meliai is almost dead.
The meliai invokes the aid of its god against you.
Something smites you!
* * * LOW HITPOINT WARNING * * *
The meliai mumbles some strange prayers to its god against you.
Something smites you!
You die...

###### ..... ...... ....
.... ...# #..# ...# #..#
...# #..# ...#
##..#############...####
................3e......
>.....(........?@y...y..
#..#################..##
#..# .# #..# #..# #..#
#..#


You could see a deep elf mage, 2 meliai and a friendly soul eater.

Vanquished Creatures
  Josephine (D:11)
  A vault guard (D:14)
  2 centaur warriors (D:14)
  2 unseen horrors
  A deep elf archer (D:14)
  2 ugly things
  2 cyclopes
  Joseph (D:10)
  2 centaur zombies
  Psyche (D:11)
  A gargoyle (D:11)
  2 trolls (D:10)
  A hornet (D:14)
  2 slime creatures
  2 hippogriffs
  A water elemental (D:13)
  2 wyverns (D:9)
  A human (D:7)
  7 yaks
  2 hungry ghosts
  4 hogs (D:7)
  3 wraiths
  2 vampire mosquitoes
  Menkaure (D:5)
  Duvessa (D:7)
  2 porcupines (D:8)
  10 orc warriors
  2 ice beasts
  4 sky beasts
  A black bear (D:8)
  3 phantoms
  5 ogres
  A crocodile (D:8)
  11 centaurs
  A big kobold (D:9)
  4 bullfrogs
  2 scorpions
  9 killer bees
  3 wights (D:11)
  2 howler monkeys
  4 electric eels
  6 crimson imps
  A bullfrog zombie (D:13)
  4 jellies
  A quasit (D:10)
  2 bullfrog skeletons
  8 orc wizards
  4 orc priests
  Crazy Yiuf (D:3)
  9 hounds
  3 centaur skeletons
  2 iguanas
  Ijyb (D:3)
  Natasha (twice) (D:2)
  5 worker ants
  A hound skeleton (D:8)
  A howler monkey zombie (D:8)
  2 worker ant zombies
  7 adders
  4 gnolls (D:9)
  A shadow imp (D:4)
  2 oozes (D:3)
  An adder zombie (D:8)
  An adder skeleton (D:10)
  A worm (D:4)
  5 dart slugs
  A leopard gecko (D:3)
  60 orcs
  3 bats
  6 giant cockroaches
  7 goblins
  10 hobgoblins
  5 jackals
  3 quokkas
  A ball python (D:6)
  8 frilled lizards
  7 kobolds
  A leopard gecko skeleton (D:5)
  A leopard gecko zombie (D:6)
  A quokka zombie (D:8)
  8 rats
308 creatures vanquished.

Vanquished Creatures (collateral kills)
  A hydra (D:10)
  2 two-headed ogres
  An unseen horror (D:14)
  A deep elf mage (D:12)
  A manticore (D:11)
  5 ugly things
  A slime creature (D:12)
  A kobold demonologist (D:10)
  A shadow (D:10)
  3 wraiths
  3 yaks
  A warg (D:12)
  A porcupine (D:8)
  2 black bears (D:8)
  3 orc warriors
  An ice beast (D:8)
  A phantom (D:7)
  3 centaurs
  2 crocodiles
  2 bullfrogs (D:8)
  A big kobold (D:11)
  Dowan (D:7)
  2 killer bees (D:11)
  A crimson imp (D:12)
  A bullfrog skeleton (D:12)
  2 hounds
  An iguana (D:8)
  Natasha (D:2)
  Terence (D:2)
  An adder (D:4)
  A shadow imp (D:8)
  A leopard gecko (D:8)
  5 orcs
  A goblin (D:2)
  A jackal (D:6)
  2 kobolds (D:11)
59 creatures vanquished.

Vanquished Creatures (others)
  A yak (D:10)
  4 fungi (D:8)
  A plant (D:8)
6 creatures vanquished.

Grand Total: 373 creatures vanquished

Notes
Turn   | Place    | Note
-------+----------+-------------------------------------------
     0 | D:1      | Lanoc the Demonspawn Berserker began the quest for the Orb.
     0 | D:1      | Reached XP level 1. HP: 18/18 MP: 1/1
   302 | D:1      | Gained mutation: A weak demonic guardian rushes to your
                  | aid. [demonic ancestry]
   302 | D:1      | Reached XP level 2. HP: 15/24 MP: 2/2
   395 | D:1      | Reached skill level 3 in Long Blades
   790 | D:2      | Reached ** piety under Trog
   813 | D:2      | Gained mutation: You have a pair of small horns on your
                  | head. [demonic ancestry]
   813 | D:2      | Reached XP level 3. HP: 23/29 MP: 3/3
  1173 | D:2      | Noticed Natasha
  1179 | D:2      | Killed Natasha
  1179 | D:2      | Gained mutation: You have a pair of horns on your head.
                  | [demonic ancestry]
  1179 | D:2      | Reached XP level 4. HP: 35/35 MP: 4/4
  1253 | D:2      | Noticed Natasha
  1259 | D:2      | Killed Natasha
  1332 | D:2      | Noticed Natasha
  1344 | D:2      | Killed Natasha
  1529 | D:2      | Noticed Terence
  1537 | D:2      | Killed Terence
  1538 | D:2      | Gained mutation: You sometimes gain a little power by
                  | taking damage. [demonic ancestry]
  1538 | D:2      | Reached XP level 5. HP: 37/42 MP: 5/5
  1626 | D:3      | Noticed Ijyb
  1637 | D:3      | Killed Ijyb
  1637 | D:3      | Reached skill level 4 in Long Blades
  1676 | D:3      | Found a faded altar of an unknown god.
  2027 | D:3      | Found a runed door.
  2031 | D:3      | Noticed Crazy Yiuf
  2038 | D:3      | Killed Crazy Yiuf
  2293 | D:3      | Gained mutation: You sometimes gain power by taking damage.
                  | [demonic ancestry]
  2293 | D:3      | Reached XP level 6. HP: 38/48 MP: 6/6
  2517 | D:4      | Reached *** piety under Trog
  2658 | D:4      | Reached skill level 5 in Long Blades
  2679 | D:4      | Gained mutation: You are partially covered in large bone
                  | plates. (SH +4) [demonic ancestry]
  2679 | D:4      | Reached XP level 7. HP: 55/55 MP: 7/7
  2862 | D:5      | Entered Level 5 of the Dungeon
  2943 | D:5      | Got a translucent rapier
  2949 | D:5      | Noticed Menkaure
  2959 | D:5      | Killed Menkaure
  2992 | D:5      | Identified the +9 rapier "Spider's Funeral" {pierce, +Blink
                  | rN+ Str+4} (You found it on level 5 of the Dungeon)
  3169 | D:5      | Reached skill level 5 in Fighting
  3542 | D:6      | Reached XP level 8. HP: 49/62 MP: 8/8
  3544 | D:6      | Reached skill level 6 in Long Blades
  3549 | D:6      | Reached **** piety under Trog
  4069 | D:7      | Reached skill level 7 in Long Blades
  4071 | D:7      | Reached skill level 5 in Armour
  4071 | D:7      | Reached skill level 5 in Dodging
  4191 | D:7      | Found a staircase to the Ecumenical Temple.
  4196 | Temple   | Entered the Ecumenical Temple
  4223 | D:7      | Gained mutation: A demonic guardian rushes to your aid.
                  | [demonic ancestry]
  4223 | D:7      | Reached XP level 9. HP: 55/69 MP: 9/9
  4274 | D:7      | Got an opalescent robe
  4556 | D:7      | Noticed Dowan
  4557 | D:7      | Noticed Duvessa
  4564 | D:7      | Killed Dowan
  4567 | D:7      | Killed Duvessa
  4711 | D:7      | Identified the +1 robe "Ucwiyq" {*Drain +Blink rN+ Str+3
                  | Int+4} (You found it on level 7 of the Dungeon)
  4829 | D:8      | Reached skill level 8 in Long Blades
  4839 | D:8      | Found a staircase to the Lair.
  4916 | D:8      | Noticed a two-headed ogre
  4917 | D:8      | Found a deep blue altar of Sif Muna.
  4921 | D:8      | Killed a two-headed ogre
  4957 | D:8      | Got a dull robe
  4978 | D:8      | Reached XP level 10. HP: 56/79 MP: 10/10
  5252 | D:8      | Identified the cursed +0 robe "Dyniu" {+Fly Int+3} (You
                  | found it on level 8 of the Dungeon)
  5277 | D:9      | Reached skill level 9 in Long Blades
  5727 | D:10     | Entered Level 10 of the Dungeon
  5801 | D:10     | Found an opulent altar of Gozag.
  5812 | D:10     | Found a white marble altar of Elyvilon.
  5813 | D:10     | Found a shimmering altar of Xom.
  5814 | D:10     | Found a stormy altar of Qazlal.
  5839 | D:10     | Noticed a green ugly thing
  5839 | D:10     | Noticed a two-headed ogre
  5839 | D:10     | Noticed a six-headed hydra
  5864 | D:10     | Killed a six-headed hydra
  5878 | D:10     | Killed a two-headed ogre
  5880 | D:10     | Killed a green ugly thing
  5880 | D:10     | Reached skill level 10 in Long Blades
  6001 | D:10     | Noticed Joseph
  6012 | D:10     | Reached XP level 11. HP: 86/86 MP: 11/11
  6024 | D:10     | Killed Joseph
  6463 | D:11     | Noticed zkyp's ghost (journeyman FoAK)
  6463 | D:11     | Noticed a yaktaur captain
  6464 | D:11     | Found a transporter.
  6468 | D:11     | Found a transporter.
  6471 | D:11     | Noticed Josephine
  6480 | D:11     | Killed Josephine
  6509 | D:11     | Noticed a cyan ugly thing
  6517 | D:11     | Killed a cyan ugly thing
  6616 | D:11     | Noticed Psyche
  6622 | D:11     | Killed Psyche
  6622 | D:11     | Reached skill level 11 in Long Blades
  6624 | D:11     | Reached ***** piety under Trog
  7034 | D:12     | Found a staircase to the Orcish Mines.
  7036 | D:12     | Noticed a deep elf mage
  7044 | D:12     | Killed a deep elf mage
  7049 | D:12     | Received a gift from Trog
  7480 | D:12     | Found a portal to a secret trove of treasure.
  7902 | D:13     | Killed an unseen horror
  7902 | D:13     | Gained mutation: You have a pair of large horns on your
                  | head. [demonic ancestry]
  7902 | D:13     | Reached XP level 12. HP: 78/96 MP: 12/12
  9126 | D:14     | Reached skill level 12 in Long Blades
  9143 | D:14     | Noticed a centaur warrior
  9151 | D:14     | Noticed a vault guard
  9158 | D:14     | Killed a centaur warrior
  9161 | D:14     | Killed a vault guard
  9171 | D:14     | Found a gate to the Vaults.
  9209 | D:14     | Reached skill level 10 in Fighting
  9218 | D:14     | Noticed a centaur warrior
  9227 | D:14     | Killed a centaur warrior
  9445 | D:14     | Killed from afar by a meliai

Vault maps used:
D:1:      minmay_arrival_checkered_box
D:2:      cheibrodos_old_hovel, first_ration, minivault_14, uniq_terence,
          uniq_natasha
D:3:      chequers_ecumenical_altar_simple, uniq_ijyb, uniq_crazy_yiuf_cottage
D:4:      minmay_chambers_of_fours
D:5:      kennysheep_nub, uniq_menkaure
D:6:      serial_bayou_lagoon_b
D:7:      temple_doors_e, grunt_livestock, chequers_serial_rivers_micro_c,
          glass_columns_c, uniq_duvessa
D:8:      old_standard_altar, due_lair_maze_entry_diamond, uniq_joseph
D:9:      minmay_misc_feat_room
D:10:     minmay_the_grid_octo_triangle
D:11:     gammafunk_ghost_arena, uniq_josephine, uniq_psyche
D:12:     david_orc_3, enter_trove_2, roderic_serpentine_path
D:13:     special_room, chequers_big_river
D:14:     david_vaults_5, serial_park_square2, uniq_azrael
Temple:   regret_index_temple_sigil_plot

Skill      XL: |  1  2  3  4  5  6  7  8  9 10 11 12 |
---------------+-------------------------------------+-----
Long Blades    | 3 4 5 7 8 10 11 12 | 12.6
Armour         | 2 3 4 5 6 7 8 9 |  9.2
Dodging        | 2 3 4 5 6 7 8 9 |  9.2
Fighting       | 4 5 6 7 8 9 10 | 10.2

Action                   |  1- 3 |  4- 6 |  7- 9 | 10-12 || total
-------------------------+-------+-------+-------+-------++-------
Melee: Falchion          |   115 |   150 |    33 |       ||   298
       Headbutt          |     5 |    34 |    31 |   111 ||   181
       Unarmed           |       |     3 |       |       ||     3
       Rapier            |       |       |   154 |   521 ||   675
Invok: Berserk           |     2 |     3 |     3 |     6 ||    14
       Trog's Hand       |       |       |     1 |     5 ||     6
  Use: Scroll            |       |       |    15 |     8 ||    23
       Potion            |       |       |       |     1 ||     1
 Stab: Distracted        |       |     1 |       |     2 ||     3
       Sleeping          |       |       |     2 |       ||     2
  Eat: Chunk             |     2 |     9 |    11 |    24 ||    46
Armor: Animal skin       |    29 |     5 |       |       ||    34
       Skin              |       |     1 |       |       ||     1
       Ring mail         |       |    49 |    60 |   136 ||   245
Dodge: Dodged            |    81 |    79 |   130 |   292 ||   582
Block: Other             |       |       |    26 |    78 ||   104
       Rpst.: Falchion   |    24 |    23 |     3 |       ||    50

Table legend:
 A = Non-vault XP
 B = Vault XP
 C = Vault XP percentage of total XP
 D = Non-vault monster count
 E = Vault monster count
 F = Vault count percentage of total count
                 A         B        C        D         E       F
            +---------+---------+-------+---------+---------+-------
      Total |   21200 |   12284 |  36.7 |     298 |      70 |  19.0
            +---------+---------+-------+---------+---------+-------
        D:1 |      35 |       0 |   0.0 |      21 |       0 |   0.0
        D:2 |      97 |      67 |  40.9 |      23 |       3 |  11.5
        D:3 |     121 |      75 |  38.3 |      25 |       2 |   7.4
        D:4 |     181 |     162 |  47.2 |       9 |       4 |  30.8
        D:5 |     409 |     175 |  30.0 |      19 |       1 |   5.0
        D:6 |     478 |       0 |   0.0 |      20 |       0 |   0.0
        D:7 |     743 |    1046 |  58.5 |       9 |       7 |  43.8
        D:8 |    1046 |    1157 |  52.5 |      18 |      11 |  37.9
        D:9 |    1452 |       0 |   0.0 |      24 |       0 |   0.0
       D:10 |    2119 |    3201 |  60.2 |      22 |      13 |  37.1
       D:11 |    3709 |    1932 |  34.2 |      38 |       5 |  11.6
       D:12 |    2689 |     239 |   8.2 |      33 |       5 |  13.2
       D:13 |    3165 |     717 |  18.5 |      21 |      12 |  36.4
       D:14 |    4956 |    3513 |  41.5 |      16 |       7 |  30.4
            +---------+---------+-------+---------+---------+-------
